 Dungeon Crawl Stone Soup version 0.20-a0-351-gc9b4002 (webtiles) character file.

2709 Duffy the Cleaver (level 9, -4/65 HPs)
             Began as a Formicid Wanderer on Dec 26, 2016.
             Was a Follower of Makhleb.
             Slain by Gastronok (26 damage)
             ... on level 8 of the Dungeon.
             The game lasted 00:12:48 (8867 turns).

Duffy the Cleaver (Formicid Wanderer)               Turns: 8867, Time: 00:12:49

Health: -4/65      AC: 12    Str: 29    XL:     9   Next: 98%
Magic:  9/9        EV:  7    Int: 10    God:    Makhleb [*.....]
Gold:   75         SH: 16    Dex: 10    Spells: 8/8 levels left

rFire  . . .     SeeInvis +     i - +0 war axe
rCold  + . .     Gourm    .     s - +0 chain mail
rNeg   . . .     Faith    .     y - +1 shield of Vlad {SInv}
rPois  .         Spirit   .     (helmet unavailable)
rElec  .         Reflect  +     (no cloak)
rCorr  .         Harm     .     o - +0 pair of gloves
MR     .....                    (no boots)
Stlth  ..........               j - +5 amulet of reflection
                                q - +2 ring of strength
                                l - ring of protection from cold

@: mighty
A: permanent stasis, dig shafts and tunnels, four strong arms, antennae 3
a: Dig, Shaft Self, Renounce Religion


You were on level 8 of the Dungeon.
You worshipped Makhleb.
Makhleb was aware of your devotion.
You were hungry.

You visited 2 branches of the dungeon, and saw 9 of its levels.

You collected 452 gold pieces.
You spent 377 gold pieces at shops.

Inventory:

Hand Weapons
 i - a +0 war axe (weapon)
 F - a +0 fustibalus
Missiles
 f - 8 javelins (quivered)
 k - 5 tomahawks of returning
Armour
 o - a +0 pair of gloves (worn)
 s - a +0 chain mail (worn)
 y - the +1 shield of Vlad (worn) {SInv}
   (You bought it in a shop on level 8 of the Dungeon)

   It lets you see invisible.
Jewellery
 j - a +5 amulet of reflection (around neck)
 l - a ring of protection from cold (left hand)
 q - a +2 ring of strength (right hand)
Scrolls
 c - 2 scrolls of remove curse
 d - a scroll of teleportation {unknown}
 e - a scroll of fear {unknown}
 h - a scroll of vulnerability {unknown}
 m - a scroll of magic mapping
 t - a scroll of fog
 u - 2 scrolls of recharging {unknown}
 w - a scroll of enchant armour {unknown}
 x - a scroll of noise {unknown}
Potions
 a - a potion of agility {unknown}
 b - 2 potions of flight {unknown}
 g - 2 potions of cancellation
 n - a potion of magic {unknown}
 p - 3 potions of haste {unknown}
 v - a potion of resistance {unknown}
 A - a potion of mutation {unknown}
 B - a potion of brilliance {unknown}
 C - a potion of lignification {unknown}
 G - a potion of ambrosia {unknown}
Comestibles
 D - 2 beef jerkies
 H - a meat ration


   Skills:
 - Level 3.7 Fighting
   Level 1.0 Short Blades
 - Level 9.5(9.7) Axes
   Level 3.0(6.7) Maces & Flails
 - Level 1.0 Throwing
 - Level 8.5 Armour
 - Level 1.2 Stealth
 + Level 3.2 Shields


You had 8 spell levels left.
You didn't know any spells.

Dungeon Overview and Level Annotations

Branches:
Dungeon (8/15)             Temple (1/1) D:6
   Lair: D:8-11

Altars:
Ashenzari
Cheibriados
Dithmenos
Elyvilon
Fedhas
Gozag
Kikubaaqudgha
Makhleb
Nemelex Xobeh
Okawaru
Qazlal
Ru
Sif Muna
Trog
Uskayaw
Vehumet
Xom
Yredelemnul
Zin
The Shining One

Shops:
D:5 (   D:7 *   D:8 [

Annotations:
D:3 azzavlup's ghost, amateur DrTm
D:4 Ijustatesigmund's ghost, amateur HOMo
D:8 Gastronok


Innate Abilities, Weirdness & Mutations

You cannot be hasted, slowed, berserked, paralysed or teleported.
You can dig through walls and to a lower floor.
Your four strong arms can wield two-handed weapons with a shield.
You have a pair of large antennae on your head. (SInv)


Message History

You hit the rat but do no damage. You block the rat's attack.
You closely miss the rat. The rat bites you but does no damage.
Your chain mail prevents you from hitting the rat.
The rat barely misses you.
You hit the rat.
You kill the rat!
The rat's corpse disappears in a puff of smoke!
You feel very mighty all of a sudden.
You hit Gastronok.
Gastronok is lightly wounded.
Gastronok bites you!!
You slash Gastronok!
Gastronok is lightly wounded.
Gastronok bites you!!
You slice Gastronok!!
Gastronok is moderately wounded.
You slice Gastronok!!
Gastronok is moderately wounded.
Gastronok bites you!!
You die...

#....# #.# #...#
#.[..####.# #.<
..........#####
#..
.....######...#
#..
............).#
#..
.....#####....# {
#.. .#.#...#
#....# ####..
.#.#...# #....####
....... .#.#...#
#.....#@# ####...
...#...###....#w##
#..#
...#..rw......###
#..#
...#....~r....#
#..#
#....#.r~{~...#
#..#
##.###.~~~....#
#..#
#.#...~~~~...#
#..#
#.#.#..~~~...#
#..#
#.#.#..~~~...#
#..#


You could see Gastronok.

Vanquished Creatures
  A hippogriff (D:7)
  Sigmund (D:5)
  Eustachio (D:5)
  A hungry ghost (D:8)
  4 ice beasts
  3 sky beasts
  An ogre (D:6)
  A necrophage (D:5)
  2 big kobolds (D:7)
  A bullfrog (D:6)
  5 killer bees (D:8)
  2 howler monkeys
  5 crimson imps
  2 centaur zombies (D:6)
  2 orc priests (D:4)
  3 hounds
  A centaur skeleton (D:4)
  A jelly (D:5)
  2 orc wizards (D:7)
  An iguana (D:7)
  3 worker ants
  A killer bee zombie (D:6)
  10 adders
  A shadow imp (D:8)
  3 oozes
  3 dart slugs
  4 leopard geckos
  20 orcs
  A ball python (D:4)
  3 giant cockroaches (D:1)
  5 goblins
  6 hobgoblins
  10 jackals
  4 quokkas
  2 bats
  3 frilled lizards
  10 kobolds
  A quokka skeleton (D:4)
  3 rats
133 creatures vanquished.

Vanquished Creatures (others)
  3 jackals (D:6)
3 creatures vanquished.

Grand Total: 136 creatures vanquished

Notes
Turn   | Place    | Note
-------+----------+-------------------------------------------
     0 | D:1      | Duffy the Formicid Wanderer began the quest for the Orb.
     0 | D:1      | Duffy set off with: a +2 mace, a +0 hand axe, a +0 ring mail, a bread ration
     0 | D:1      | Reached XP level 1. HP: 16/16 MP: 1/1
     2 | D:1      | Noticed an electric eel
    60 | D:1      | Reached skill level 1 in Axes
    73 | D:1      | Reached XP level 2. HP: 21/22 MP: 2/2
   207 | D:1      | Reached skill level 2 in Axes
   281 | D:1      | Reached XP level 3. HP: 9/27 MP: 3/3
   934 | D:2      | Reached skill level 3 in Axes
  1122 | D:2      | Reached XP level 4. HP: 17/33 MP: 4/4
  1801 | D:2      | Found an iron altar of Okawaru.
  2884 | D:3      | Found an opulent altar of Gozag.
  3141 | D:3      | Found a deep blue altar of Sif Muna.
  3180 | D:3      | Noticed azzavlup's ghost (amateur DrTm)
  3475 | D:2      | Reached skill level 4 in Axes
  3514 | D:4      | Noticed Ijustatesigmund's ghost (amateur HOMo)
  3664 | D:3      | Reached XP level 5. HP: 34/38 MP: 5/5
  3914 | D:4      | Reached skill level 5 in Axes
  3914 | D:4      | Reached skill level 2 in Armour
  3914 | D:4      | Reached XP level 6. HP: 43/44 MP: 6/6
  4012 | D:4      | Got a faintly glowing trident
  4013 | D:4      | Identified the +2 trident "Laf Yriv" {elec, rC+ Int+2 Dex-5} (You found it on level 4 of the Dungeon)
  4165 | D:5      | Entered Level 5 of the Dungeon
  4271 | D:5      | Noticed Eustachio
  4273 | D:5      | Noticed a sky beast
  4368 | D:5      | Killed Eustachio
  4368 | D:5      | Reached skill level 3 in Armour
  4368 | D:5      | Reached XP level 7. HP: 30/50 MP: 7/7
  4384 | D:5      | HP: 2/50 [sky beast (5)]
  4385 | D:5      | Reached skill level 6 in Axes
  4385 | D:5      | Reached skill level 4 in Armour
  4912 | D:5      | Found Plog's Weapon Shoppe.
  4915 | D:5      | Bought a +0 war axe for 35 gold pieces
  4989 | D:5      | Noticed Sigmund
  4999 | D:5      | Killed Sigmund
  4999 | D:5      | Reached skill level 5 in Armour
  4999 | D:5      | Reached XP level 8. HP: 39/55 MP: 8/8
  5178 | D:5      | Reached skill level 7 in Axes
  5599 | D:6      | Found a staircase to the Ecumenical Temple.
  5650 | D:6      | Reached skill level 6 in Armour
  5762 | Temple   | Entered the Ecumenical Temple
  5917 | Temple   | Became a worshipper of Makhleb the Destroyer
  6660 | D:6      | Reached skill level 7 in Armour
  6725 | D:6      | Reached skill level 8 in Axes
  6725 | D:6      | Reached XP level 9. HP: 53/60 MP: 9/9
  7234 | D:7      | Reached skill level 8 in Armour
  7237 | D:7      | Reached * piety under Makhleb
  7468 | D:7      | Reached skill level 9 in Axes
  7669 | D:7      | Found Hakkufeph's Elemental Accessories.
  7731 | D:7      | Found a blossoming altar of Fedhas.
  8025 | D:7      | You fall through a shaft!
  8031 | D:8      | Found Xuytyiph's Antique Armour Boutique.
  8042 | D:8      | Bought a smoking shield for 342 gold pieces
  8047 | D:8      | Identified the +1 shield of Vlad {SInv} (You bought it in a shop on level 8 of the Dungeon)
  8095 | D:8      | Reached skill level 2 in Shields
  8117 | D:8      | HP: 3/62 [killer bee (4)]
  8123 | D:8      | HP: 1/62 [killer bee (4)]
  8132 | D:8      | HP: 3/62 [killer bee (4)]
  8133 | D:8      | Reached skill level 3 in Fighting
  8470 | D:8      | Paralysed by fainting for 10 turns
  8690 | D:8      | Noticed a hippogriff
  8697 | D:8      | Noticed Gastronok
  8734 | D:7      | Killed a hippogriff
  8734 | D:7      | Reached skill level 3 in Shields
  8867 | D:8      | Slain by Gastronok

Vault maps used:
D:1:      arrival_aquarium_a, minmay_split_cup_small
D:2:      nicolae_overflow_crystal_walls
D:3:      lemuel_coloured_pillars_altar, grunt_gozag_breadcrumbs,
          marbit_many_paths, st_stairs_12
D:4:      first_bread, kennysheep_generic_room_10
D:5:      serial_shops, kennysheep_mini_moat, uniq_sigmund, uniq_eustachio
D:6:      grunt_ministairs_15
D:7:      fedhas_altar_1, nicolae_elemental_shop
D:8:      david_lair_shrubbed, serial_shops, nicolae_shop_overgrown_old_shop,
          basic_altar, uniq_gastronok
Temple:   regret_index_temple_sphere_string

Skill      XL: |  1  2  3  4  5  6  7  8  9 |
---------------+----------------------------+-----
Axes           | 1 2 3 4 5 6 8 9 |  9.5
Armour         | 2 3 5 7 8 |  8.5
Shields        | 3 |  3.2
Fighting       | 3 |  3.7
Short Blades   | |  1.0
Maces & Flails | |  3.0
Throwing       | |  1.0
Stealth        | |  1.2

Action                   |  1- 3 |  4- 6 |  7- 9 || total
-------------------------+-------+-------+-------++-------
Melee: Hand axe          |   141 |   223 |    63 ||   427
       Mace              |       |     6 |       ||     6
       War axe           |       |       |   445 ||   445
 Abil: Dig               |     1 |     6 |     3 ||    10
  Use: Scroll            |     2 |     7 |     2 ||    11
       Potion            |       |     3 |     5 ||     8
  Eat: Chunk             |     1 |     6 |     7 ||    14
       Bread ration      |       |     1 |       ||     1
       Meat ration       |       |       |     1 ||     1
       Beef jerky        |       |       |     1 ||     1
       Fruit             |       |       |     4 ||     4
       Pizza             |       |       |     1 ||     1
Armor: Ring mail         |    66 |     2 |       ||    68
       Scale mail        |       |    81 |       ||    81
       Chain mail        |       |    28 |   238 ||   266
Dodge: Dodged            |    77 |    92 |   161 ||   330
Block: Other             |       |       |    58 ||    58
       Shield            |       |       |   152 ||   152
